 Dungeon Crawl Stone Soup version 0.27-a0-797-g27d10ad80f (webtiles) character file.

Game seed: 14456756780765233120

326 polve the Slasher (level 6, 0/47 HPs)
             Began as a Demonspawn Abyssal Knight on Mar 27, 2021.
             Was a Priest of Lugonu.
             Slain by Menkaure (13 damage)
             ... on level 4 of the Dungeon.
             The game lasted 00:05:15 (4242 turns).

polve the Slasher (Demonspawn Abyssal Knight)       Turns: 4242, Time: 00:05:16

Health: 0/47       AC:  9    Str: 18    XL:     6   Next: 24%
Magic:  10/10      EV: 10    Int: 16    God:    Lugonu [***...]
Gold:   182        SH:  0    Dex: 12    Spells: 8/10 levels left

rFire    . . .     SeeInvis .   a - +1 falchion
rCold    . . .     Faith    .   (no shield)
rNeg     . . .     Spirit   .   f - +0 ring mail
rPois    +         Reflect  .   (no helmet)
rElec    .         Harm     .   q - +0 cloak
rCorr    .         Rampage  .   (no gloves)
Will     .....                  w - +0 pair of boots
Stlth    +.........             (no amulet)
HPRegen  0.15/turn              e - +6 ring of strength
MPRegen  0.12/turn              b - ring of poison resistance

@: no status effects
A: hooves 2, sharp scales 2
a: Renounce Religion, Depart the Abyss, Bend Space, Banish


You were on level 4 of the Dungeon.
You worshipped Lugonu.
Lugonu was most pleased with you.
You visited 1 branch of the dungeon, and saw 4 of its levels.
You visited the Abyss 1 time.

You collected 182 gold pieces.

Inventory:

Hand Weapons
 a - a +1 falchion (weapon)
Armour
 f - a +0 ring mail (worn)
 q - a +0 cloak (worn)
 w - a +0 pair of boots (worn)
 x - the +5 tower shield "Tohaot" {Str+9 Int+4 Dex-2 SInv Stlth-}
   (You found it on level 4 of the Dungeon)

   It affects your strength (+9).
   It affects your intelligence (+4).
   It affects your dexterity (-2).
   It lets you see invisible.
   It makes you less stealthy.
Jewellery
 b - a ring of poison resistance (right hand)
 e - a +6 ring of strength (left hand)
 m - a ring of see invisible
Scrolls
 c - a scroll of torment {unknown}
 d - a scroll of enchant weapon {unknown}
 g - 2 scrolls of noise {unknown}
 k - 2 scrolls of fear
 l - a scroll of fog {unknown}
 n - a scroll of blinking {unknown}
 o - 2 scrolls of amnesia {unknown}
 p - a scroll of acquirement {unknown}
 s - 5 scrolls of identify
 t - a scroll of magic mapping {unknown}
 u - a scroll of vulnerability {unknown}
 v - a scroll of teleportation {unknown}
Potions
 h - a potion of resistance {unknown}
 i - 2 potions of heal wounds
 j - a potion of flight {unknown}
 r - a potion of curing {unknown}


   Skills:
 - Level 3.0 Fighting
 - Level 3.9 Long Blades
 - Level 1.7 Armour
 - Level 0.8 Dodging
 + Level 2.9 Spellcasting
 + Level 3.0 Transmutations
 - Level 2.4 Invocations


You had 8 spell levels left.
You knew the following spells:

 Your Spells              Type           Power      Damage    Failure   Level
a - Wereblood             Tmut           12%        N/A       14%         2

Your spell library contained the following spells:

 Spells                   Type           Power      Damage    Failure   Level
 Beastly Appendage        Tmut           24%        N/A       10%         1
 Spider Form              Tmut/Pois      3%         N/A       47%         3
 Ice Form                 Ice/Tmut       7%         N/A       87%         4
 Blade Hands              Tmut           6%         N/A       95%         5


Dungeon Overview and Level Annotations

Branches:
Dungeon (4/15)
 Temple: D:4-7

Altars:
Nemelex Xobeh
Okawaru
Qazlal

Annotations:
D:4 Menkaure


Innate Abilities, Weirdness & Mutations

You have hoof-like feet.
You are mostly covered in razor-sharp scales. (AC +2, Slay +2)


Message History

No target in view!
No target in view!
Found a robe.
Found an escape hatch in the floor.
No target in view!
No target in view!
No target in view!
No target in view!
No target in view!
No target in view!
No target in view!
No target in view!
Menkaure, Prince of Dust comes into view.
Menkaure is nearby!
Menkaure is nearby!
You start waiting.
Menkaure is nearby!
Menkaure points at you and mumbles some strange words.
Pain shoots through your body!
You closely miss Menkaure. You hit Menkaure.
Menkaure is lightly damaged.
Menkaure hits you but does no damage.
You barely miss Menkaure.
Menkaure is lightly damaged.
Menkaure closely misses you.
You riposte.
You barely miss Menkaure.
Menkaure is lightly damaged.
You hit Menkaure.
Menkaure is moderately damaged.
Menkaure calls on the powers of darkness!
Your body is wracked with pain!
You slash Menkaure!
Menkaure is heavily damaged.
Menkaure calls on the powers of darkness!
Your body is wracked with pain!
* * * LOW HITPOINT WARNING * * *
You hit Menkaure.
Menkaure is severely damaged.
Menkaure hits you!
You die...

#..............
#####.#######.# #....#
#.# . #.#.## #.# ...
#####.### #.#
..M.>###### #.....#
#.#
...$......###.....###
######.#
....#####..##..##...#
#...>... .
##..#@.#....###.####.#
##.M...._......# #.#
#######
#####....#..### #.#
##.....## #...##..#
... ##.......##
###.....# #.#
#.........# #.....#..
#.# #.........#
##.#####.# #.#
#......)..#
#.####........###
#.........#
#......###......#


You could see Menkaure.

Vanquished Creatures
  A necrophage (D:4)
  A hound (D:4)
  4 gnolls
  6 adders
  6 worms
  2 dart slugs (D:1)
  An orc (D:4)
  9 ball pythons
  8 endoplasms
  2 giant cockroaches
  4 goblins
  12 hobgoblins
  12 jackals
  4 kobolds
  7 quokkas
  6 bats (D:1)
  3 frilled lizards
  6 rats
94 creatures vanquished.

Notes
Turn   | Place    | Note
-------+----------+-------------------------------------------
     0 | Abyss:1  | polve the Demonspawn Abyssal Knight began the quest for the
                  | Orb.
     0 | Abyss:1  | Reached XP level 1. HP: 18/18 MP: 2/2
    51 | Abyss:1  | Noticed an ancient zyme
    95 | Abyss:1  | Noticed a chaos spawn
    96 | D:1      | Escaped the Abyss
   482 | D:1      | Gained mutation: You have large cloven feet. [demonic
                  | ancestry]
   482 | D:1      | Reached XP level 2. HP: 22/24 MP: 3/3
   599 | D:1      | Reached * piety under Lugonu
  1043 | D:1      | Gained mutation: You are partially covered in razor-sharp
                  | scales. (AC +1, Slay +1) [demonic ancestry]
  1043 | D:1      | Reached XP level 3. HP: 29/29 MP: 4/4
  1781 | D:2      | Reached ** piety under Lugonu
  2048 | D:2      | Learned a level 2 spell: Wereblood
  2061 | D:2      | Gained mutation: You have hoof-like feet. [demonic
                  | ancestry]
  2061 | D:2      | Reached XP level 4. HP: 35/35 MP: 5/5
  2692 | D:1      | Reached skill level 1 in Spellcasting
  2692 | D:1      | Reached skill level 1 in Transmutations
  2997 | D:2      | Gained mutation: You are mostly covered in razor-sharp
                  | scales. (AC +2, Slay +2) [demonic ancestry]
  2997 | D:2      | Reached XP level 5. HP: 41/41 MP: 7/7
  3405 | D:3      | Found a stormy altar of Qazlal.
  3407 | D:3      | Noticed an air elemental
  3408 | D:3      | Noticed a water elemental
  3408 | D:3      | Noticed a fire elemental
  3548 | D:3      | Found a sparkling altar of Nemelex Xobeh.
  3791 | D:4      | Noticed a necrophage
  3801 | D:4      | Killed a necrophage
  3802 | D:4      | Reached XP level 6. HP: 42/47 MP: 8/10
  3888 | D:4      | Reached *** piety under Lugonu
  3910 | D:4      | Found an iron altar of Okawaru.
  4078 | D:4      | Identified the +5 tower shield "Tohaot" {Str+9 Int+4 Dex-2
                  | SInv Stlth-}
  4221 | D:4      | Noticed Menkaure
  4242 | D:4      | Slain by Menkaure

Illustrated notes

Levels and vault maps discovered:
D:1:      psy_arrival_whirlpool, layout_loops_corners, minmay_heptomino_w4
D:2:      layout_basic
D:3:      layout_loops_ring, nemelex_xobeh_ov_fountains_minmay,
          nicolae_qazlal_style_of_elements
D:4:      layout_rooms, nicolae_overflow_crystal_walls, minmay_puff,
          uniq_menkaure, uniq_robin

Skill      XL: |  1  2  3  4  5  6 |
---------------+-------------------+-----
Long Blades    | 2 3 |  3.9
Spellcasting   | 1 2 |  2.9
Transmutations | 1 2 3 |  3.0
Fighting       | |  3.0
Armour         | |  1.7
Dodging        | |  0.8
Invocations    | |  2.4

Action                   |  1- 3 |  4- 6 || total
-------------------------+-------+-------++-------
Melee: Falchion          |   112 |   128 ||   240
       Kick              |    25 |    33 ||    58
Invok: Depart the Abyss  |     1 |       ||     1
  Use: Scroll            |       |     2 ||     2
Armor: Leather armour    |     2 |       ||     2
       Ring mail         |    30 |    55 ||    85
Dodge: Dodged            |    58 |    65 ||   123
       Rpst.: Falchion   |    14 |    24 ||    38

Table legend: (Time is in decaauts)
 A = Elapsed time spent in this place.
 B = Non-inter-level travel time spent in this place.
 C = Inter-level travel time spent in this place.
 D = Time resting spent in this place.
 E = Time spent auto-exploring this place.
 F = Levels seen in this place.
 G = Mean time per level.
                   A        B        C        D        E       F      G
               +--------+--------+--------+--------+--------+-----+--------+
         Total |   4273 |   4165 |    108 |      8 |   3492 |   5 |  854.6 |
       Dungeon |   4177 |   4069 |    108 |      8 |   3441 |   4 | 1044.2 |
         Abyss |     96 |     96 |      0 |      0 |     51 |   1 |   96.0 |
               +--------+--------+--------+--------+--------+-----+--------+

Top non-repeatable levels by time:
     D:1: 1817 daAuts
     D:2: 1198 daAuts
     D:3: 690 daAuts
     D:4: 471 daAuts
 Abyss:1: 96 daAuts
